 Dungeon Crawl Stone Soup version 0.30-a0-297-g0ec75d9ef4 (webtiles) character file.

Game seed: 8206448671001989563

2379 billz999 the Grappler (level 9, 0/67 HPs)
             Began as a Troll Monk on Oct 19, 2022.
             Was a Priest of Qazlal.
             Slain by a thrashing horror (5 damage)
             ... on level 1 of the Abyss.
             The game lasted 00:08:53 (4711 turns).

billz999 the Grappler (Troll Monk)                  Turns: 4711, Time: 00:08:54

Health: 0/67       AC:  7    Str: 19 (21) XL:     9   Next: 22%
Magic:  7/10       EV: 10    Int:  4 (6)  God:    Qazlal [***...]
Gold:   368        SH:  4    Dex: 12      Spells: 8/8 levels left

rFire   . . .      SeeInvis .      - Unarmed
rCold   . . .      Faith    +    (no shield)
rNeg    . . .      Spirit   .    z - +0 steam dragon scales
rPois   .          Reflect  .    (helmet restricted)
rElec   .          Harm     .    (no cloak)
rCorr   .          Rampage  .    (gloves unavailable)
Will    .....                    (boots unavailable)
Stlth   +.........               q - amulet of faith
HPRegen 1.11/turn                (no ring)
MPRegen 0.12/turn                (no ring)

@: no status effects
A: large, unfitting armour, claws 3, regeneration 1, shaggy fur 1, tough skin 1,
[deterioration 2], [frail 2], [weak 2], [no potion heal 2]
a: Renounce Religion, Upheaval, Elemental Force


You were on level 1 of the Abyss.
You worshipped Qazlal.
Qazlal was most pleased with you.
You visited 1 branch of the dungeon, and saw 8 of its levels.
You visited the Abyss 1 time.

You collected 368 gold pieces.

Inventory:

Missiles
 k - a throwing net (quivered)
Armour
 a - a +0 robe
 i - a +2 robe of cold resistance
 z - +0 steam dragon scales (worn)
Jewellery
 q - an amulet of faith (around neck)
 u - a ring of fire
Wands
 j - a wand of flame (40)
 v - a wand of mindburst (9)
 x - a wand of light (14)
Scrolls
 c - 7 scrolls of identify {unknown}
 f - 2 scrolls of fear
 n - 2 scrolls of poison {unknown}
 o - 2 scrolls of blinking {unknown}
 p - a scroll of butterflies {unknown}
 s - 3 scrolls of noise {unknown}
 w - a scroll of vulnerability {unknown}
 y - a scroll of summoning {unknown}
Potions
 b - a potion of ambrosia
 d - 2 potions of resistance
 e - 5 potions of curing
 g - 2 potions of heal wounds {unknown}
 l - a potion of magic {unknown}
 m - a potion of degeneration {unknown}
 r - a potion of haste {unknown}
 t - a potion of lignification {unknown}
 A - a potion of flight {unknown}


   Skills:
 + Level 4.0 Fighting
 - Level 2.4 Dodging
 - Level 1.0 Stealth
 * Level 11.3 Unarmed Combat
 + Level 3.9 Invocations


You had 8 spell levels left.
You didn't know any spells.
Your spell library contained the following spells:

 Spells                   Type           Power      Damage    Failure   Level
 Kiss of Death            Conj/Necr      0%         2d5       50%         1
 Summon Small Mammal      Summ           0%         N/A       50%         1
 Call Canine Familiar     Summ           0%         N/A       86%         3
 Confusing Touch          Hex            0%         N/A       86%         3
 Summon Guardian Golem    Hex/Summ       0%         N/A       86%         3
 Dispel Undead            Necr           0%         3d6       99%         4


Dungeon Overview and Level Annotations

Branches:
Dungeon (8/15)             Temple (0/1) D:7
   Lair: D:8-11

Altars:
Hepliaklqana
Nemelex Xobeh
Qazlal
Wu Jian

Shops:
D:3 !=*

Annotations:
D:8 Psyche


Innate Abilities, Weirdness & Mutations

You are too large for most types of armour.
You have claws for hands.
Your natural rate of healing is unusually fast.
You are covered in fur. (AC +1)
You have tough skin. (AC +1)
[Your body often deteriorates upon taking damage.]
[You are very frail. (-20% HP)]
[You are very weak. (Str -4)]
[Potions cannot restore your health.]


Message History

You hold your ground!
The thrashing horror attacks as you move away!
The thrashing horror tramples you!
Your body deteriorates!
You feel weakened. The thrashing horror barely misses you.
The thrashing horror is engulfed in blazing flames.
The thrashing horror tramples you but does no damage. x2
The thrashing horror is engulfed in blazing flames.
You don't know any spells.
Aiming: Upheaval
Press: ? - help, Dir - move target, f - thrashing horror
Aim: a thrashing horror (lightly damaged)
The ground shakes violently, spewing rubble!
The blast of rubble hits the thrashing horror!
The thrashing horror is moderately damaged.
The wretched star glows turbulently.
The lance of force hits you!!
* * * LOW HITPOINT WARNING * * *
You are knocked back by the lance of force.
You slam into the rock wall!
* * * LOW HITPOINT WARNING * * *
Your body deteriorates!
You feel weakened.
You block the thrashing horror's attack.
The thrashing horror tramples you but does no damage.
You feel better. The thrashing horror tramples you!
* * * LOW HITPOINT WARNING * * *
Your body deteriorates!
You feel dopey.
You stumble backwards!
Unknown command.
You claw the thrashing horror!
The thrashing horror is heavily damaged.
The thrashing horror tramples you.
* * * LOW HITPOINT WARNING * * *
You stumble backwards!
The wretched star pulses with an eldritch light!
Your system partially rejects the healing effects of potions.
Your system completely rejects the healing effects of potions.
The thrashing horror closely misses you.
The thrashing horror tramples you.
You die...

.#. ##...#...
.....# . #
#.........# ...
§........##....#
.... §
.##.##.###...#...#
# #....##*.....# .
#.....##.#..#
..##..##..# #
....##.###X#
#........@.#
.##........#
#........#
...###....... ..
#......... .
#.#.#.#.#.
....#.#..# #. ....
.#


You could see a thrashing horror.

Vanquished Creatures
  Sigmund (D:3)
  A steam dragon (D:7)
  A water moccasin (D:5)
  2 ice beasts
  An orc warrior (D:6)
  A sky beast (D:7)
  An ogre (D:6)
  A phantom (D:4)
  A kobold brigand (D:7)
  2 bullfrogs (D:7)
  4 necrophages
  A gnoll sergeant (D:7)
  A scorpion (D:6)
  5 howler monkeys
  An orc priest (D:7)
  A hound (D:6)
  An iguana (D:6)
  Jessica (D:2)
  3 orc wizards
  Ijyb (D:5)
  Natasha (thrice) (D:2)
  Terence (D:2)
  19 gnolls
  9 adders
  2 shadow imps
  3 white imps
  An ufetubus (D:5)
  A worm (D:4)
  A dart slug (D:5)
  13 orcs
  7 ball pythons
  4 endoplasms
  5 goblins
  8 hobgoblins
  3 jackals (D:2)
  2 quokkas
  11 bats
  13 frilled lizards
  6 kobolds
  4 rats
147 creatures vanquished.

Vanquished Creatures (others)
  9 plants (D:2)
9 creatures vanquished.

Grand Total: 156 creatures vanquished

Notes
Turn   | Place    | Note
-------+----------+-------------------------------------------
     0 | D:1      | billz999 the Troll Monk began the quest for the Orb.
     0 | D:1      | Reached XP level 1. HP: 22/22 MP: 0/0
   627 | D:1      | You fall into a shaft and drop 1 floor!
   653 | D:2      | Reached XP level 2. HP: 28/29 MP: 1/1
   661 | D:2      | Noticed Natasha
   670 | D:2      | Noticed a crimson imp
   673 | D:2      | Killed Natasha
   674 | D:2      | Reached skill level 4 in Unarmed Combat
   674 | D:2      | Reached XP level 3. HP: 26/36 MP: 2/2
   788 | D:3      | Found Zioteow's Distillery.
   838 | D:3      | Noticed Sigmund
   847 | D:3      | Killed Sigmund
   848 | D:3      | Reached skill level 6 in Unarmed Combat
   848 | D:3      | Reached XP level 4. HP: 41/44 MP: 3/3
   848 | D:3      | Reached XP level 5. HP: 47/50 MP: 4/4
  1018 | D:3      | Found Zoopraceewn's Jewellery Boutique.
  1194 | D:3      | Found Guheof's Assorted Antiques.
  1339 | D:3      | Found a hazy altar of Hepliaklqana.
  1431 | D:3      | Found a sparkling altar of Nemelex Xobeh.
  1557 | D:3      | Reached XP level 6. HP: 43/59 MP: 5/5
  1704 | D:4      | Reached skill level 7 in Unarmed Combat
  2218 | D:2      | Noticed Terence
  2223 | D:2      | Killed Terence
  2224 | D:2      | Reached skill level 8 in Unarmed Combat
  2224 | D:2      | Reached XP level 7. HP: 59/66 MP: 6/6
  2237 | D:2      | Noticed Jessica
  2244 | D:2      | Killed Jessica
  2338 | D:2      | Noticed Natasha
  2349 | D:2      | Killed Natasha
  2460 | D:2      | Noticed Natasha
  2469 | D:2      | Killed Natasha
  2701 | D:5      | Entered Level 5 of the Dungeon
  2724 | D:5      | Noticed Ijyb
  2732 | D:5      | Killed Ijyb
  2762 | D:5      | Reached skill level 9 in Unarmed Combat
  2836 | D:5      | Found a stormy altar of Qazlal.
  2846 | D:5      | Became a worshipper of Qazlal Stormbringer
  2846 | D:5      | Reached * piety under Qazlal
  2846 | D:5      | Reached ** piety under Qazlal
  3342 | D:6      | Reached skill level 1 in Invocations
  3342 | D:6      | Reached XP level 8. HP: 61/74 MP: 7/7
  3487 | D:6      | Reached skill level 10 in Unarmed Combat
  3579 | D:6      | Found an ornate altar of the Wu Jian Council.
  3953 | D:7      | Reached *** piety under Qazlal
  3987 | D:7      | Found a staircase to the Ecumenical Temple.
  4073 | D:7      | Identified the +1 robe of Wuat {rF+}
  4220 | D:7      | Reached skill level 11 in Unarmed Combat
  4220 | D:7      | Reached XP level 9. HP: 75/84 MP: 10/10
  4584 | D:8      | Found the +3 salamander hide armour {Flames rF++ rC--}
  4585 | D:8      | Noticed Psyche
  4594 | Abyss:1  | Cast into level 1 of the Abyss (Psyche)
  4615 | Abyss:1  | Noticed a bone dragon
  4700 | Abyss:1  | Noticed a wretched star
  4700 | Abyss:1  | Noticed a thrashing horror
  4708 | Abyss:1  | HP: 3/67 [thrashing horror (14)]
  4711 | Abyss:1  | Slain by a thrashing horror

Illustrated notes

Levels and vault maps discovered:
D:1:      dpeg_arrival_another_circle, layout_loops_corners,
          minmay_misc_feat_nine_boxes
D:2:      layout_rooms, minmay_lizard_king, uniq_natasha, uniq_terence,
          uniq_jessica
D:3:      layout_rooms, nemelex_dance_club_becter,
          worldfamousw_hep_ancestral_shrine, serial_shops,
          nicolae_lakefront_shop, shop,
          nicolae_shop_temple_entry_statues_fountains, amethyst_killhole,
          kennysheep_crisscross, dk_noncrumbling_2, uniq_sigmund
D:4:      layout_cave_pools
D:5:      layout_loops_cross, grunt_qazlal_clouds, uniq_ijyb
D:6:      layout_rooms, nzn_wu_jian_council_hall, minmay_holes,
          kennysheep_generic_room_12
D:7:      layout_basic, temple_statues
D:8:      layout_rooms, xom_shifter_show, uniq_psyche
Abyss:1:  base: D:6, evilmike_abyss_exit_plants

Skill      XL: |  1  2  3  4  5  6  7  8  9 |
---------------+----------------------------+-----
Unarmed Combat | 4 6 8 9 11 | 11.3
Invocations    | 1 3 |  3.9
Fighting       | 3 4 |  4.0
Dodging        | |  2.4
Stealth        | |  1.0

Action                   |  1- 3 |  4- 6 |  7- 9 || total
-------------------------+-------+-------+-------++-------
Melee: Unarmed           |    64 |   105 |   229 ||   398
       Punch             |       |     5 |    12 ||    17
Invok: Upheaval          |       |       |     1 ||     1
Evoke: Wand              |       |     3 |     1 ||     4
  Use: Potion            |       |       |     5 ||     5
       Scroll            |       |       |     3 ||     3
 Stab: Sleeping          |     2 |       |       ||     2
       Invisible         |       |       |     1 ||     1
Armor: Robe              |    17 |    34 |    65 ||   116
       Steam dragon scal |       |       |    22 ||    22
Dodge: Dodged            |    25 |    54 |   102 ||   181
Block: Other             |       |       |    15 ||    15

Table legend: (Time is in decaauts)
 A = Elapsed time spent in this place.
 B = Non-inter-level travel time spent in this place.
 C = Inter-level travel time spent in this place.
 D = Time resting spent in this place.
 E = Time spent auto-exploring this place.
 F = Levels seen in this place.
 G = Mean time per level.
                   A        B        C        D        E       F      G
               +--------+--------+--------+--------+--------+-----+--------+
         Total |   4654 |   4417 |    237 |    141 |   3282 |   9 |  517.1 |
       Dungeon |   4540 |   4303 |    237 |    141 |   3282 |   8 |  567.5 |
         Abyss |    114 |    114 |      0 |      0 |      0 |   1 |  114.0 |
               +--------+--------+--------+--------+--------+-----+--------+

Top non-repeatable levels by time:
     D:3: 839 daAuts
     D:7: 652 daAuts
     D:2: 647 daAuts
     D:1: 625 daAuts
     D:5: 625 daAuts
     D:6: 573 daAuts
     D:4: 564 daAuts
 Abyss:1: 114 daAuts
     D:8: 10 daAuts
